 Dungeon Crawl Stone Soup version 0.31-a0-705-ga145531891 (webtiles) character file.

Game seed: 2443071435978654973

19 Ofeo the Changeling (level 2, 19/21 HPs)
             Began as a Demonspawn Shapeshifter on Sept 9, 2023.
             Quit the game on level 1 of the Dungeon.
             The game lasted 00:00:24 (338 turns).

Ofeo the Changeling (Demonspawn Shapeshifter)        Turns: 338, Time: 00:00:24

Health: 19/21      AC:  2    Str: 14    XL:     2   Next: 55%
Magic:  2/2        EV: 12    Int: 11    God:
Gold:   10         SH:  0    Dex: 12    Spells: 1/1 levels left

rFire   . .          .
                       - Unarmed
rCold   . . .        (no shield)
rNeg    . . .        a - +0 animal skin
rPois   .            (helmet currently unavailable)
rElec   .            (cloak currently unavailable)
rCorr   .            (gloves currently unavailable)
SInv    .            (boots currently unavailable)
Will    .....        (no amulet)
Stlth   +            (no ring)
HPRegen 0.23/turn    (no ring)
MPRegen 0.08/turn

%: no passive effects
@: beast-form
A: beast (slay +1), antennae 1
a: Begin Untransformation


You were on level 1 of the Dungeon.
You were a hulking beast.
You visited 1 branch of the dungeon, and saw 1 of its levels.

You collected 10 gold pieces.

Inventory:

Armour
 a - a +0 animal skin (worn)
Talismans
 c - a beast talisman (active)
 d - a flux talisman
Scrolls
 e - a scroll of torment {unknown}
 f - a scroll of identify {unknown}
Potions
 b - a potion of curing {unknown}
 l - a potion of lignification


   Skills:
 - Level 1.0 Fighting
 - Level 1.7 Dodging
 - Level 2.6 Unarmed Combat
 + Level 3.4 Shapeshifting


You had one spell level left.
You didn't know any spells.
Your spell library was empty.

Dungeon Overview and Level Annotations

Branches:
Dungeon (1/15)

Altars:


Innate Abilities, Weirdness & Mutations

You are a hulking beast.
Your limbs bulge with bestial killing power. (Slay +1)
You have a pair of small antennae on your head.


Message History

You hit the jackal.
You kill the jackal!
The jackal closely misses you. The jackal barely misses you.
The bat closely misses you.
There are monsters nearby!
You hit the jackal.
The jackal is heavily wounded.
The bat hits you but does no damage. The jackal completely misses you.
The jackal closely misses you. The jackal barely misses you.
There are monsters nearby!
You hit the jackal but do no damage.
The jackal is heavily wounded.
The bat hits you.
The jackal bites you but does no damage.
The jackal misses you. The jackal barely misses you.
You take 1 damage, and have 20/21 hp.
There are monsters nearby!
You hit the jackal.
You kill the jackal!
The bat misses you. The bat hits you but does no damage.
The jackal barely misses you.
You hit the jackal.
The jackal is severely wounded.
The bat barely misses you. The jackal bites you. x2
You take 3 damage, and have 17/21 hp.
You closely miss the jackal.
The jackal is severely wounded.
The bat misses you. The jackal barely misses you.
There are monsters nearby!
You hit the jackal.
You kill the jackal!
The bat hits you but does no damage.
A bat is nearby!
You punch the bat!
You kill the bat!
Key pressed, stopping explore.
No target in view!
You regained 2 hp, and now have 19/21 hp.
No target in view!
Are you sure you want to abandon this character and quit the game? (Confirm with "yes".)

#....###...###....
#.............#.
#.............#. #
######...###...###.
....###...†....#
###.....
##.....##.#####
##.... #....###...#
#####
..#....#.#####
#....h....#
#.....†...#
#.........#
#.........#
#.........#
#.........#
###########


There were no monsters in sight!

Vanquished Creatures
  A goblin (D:1)
  3 jackals (D:1)
  2 quokkas (D:1)
  4 ball pythons (D:1)
  4 bats (D:1)
  2 kobolds (D:1)
  A rat (D:1)
17 creatures vanquished.

Notes
Turn   | Place    | Note
-------+----------+-------------------------------------------
     0 | D:1      | Ofeo the Demonspawn Shapeshifter began the quest for the
                  | Orb.
     0 | D:1      | Reached XP level 1. HP: 15/15 MP: 1/1
    51 | D:1      | Reached skill level 3 in Shapeshifting
    59 | D:1      | Gained mutation: You have a pair of small antennae on your
                  | head. [demonic ancestry]
    59 | D:1      | Reached XP level 2. HP: 10/21 MP: 2/2
   278 | D:1      | Found a faded altar of an unknown god.
   338 | D:1      | Quit the game

Illustrated notes

Levels and vault maps discovered:
D:1:      minmay_arrival_open_corners, layout_rooms, serial_shops, shop,
          basic_ecumenical_altar, kennysheep_small_spiral

Skill      XL: |  1 |
---------------+----+-----
Shapeshifting  | 3 |  3.4
Fighting       | |  1.0
Dodging        | |  1.7
Unarmed Combat | |  2.6

Action                     || total
---------------------------++-------
  Melee: Unarmed           ||    47
         Punch             ||     3
 Armour: Animal skin       ||    33
  Dodge: Dodged            ||    65

Table legend: (Time is in decaauts)
 A = Elapsed time spent in this place.
 B = Non-inter-level travel time spent in this place.
 C = Inter-level travel time spent in this place.
 D = Time resting spent in this place.
 E = Time spent auto-exploring this place.
 F = Levels seen in this place.
 G = Mean time per level.
                   A        B        C        D        E       F      G
               +--------+--------+--------+--------+--------+-----+--------+
         Total |    335 |    335 |      0 |      0 |    249 |   1 |  335.0 |
       Dungeon |    335 |    335 |      0 |      0 |    249 |   1 |  335.0 |
               +--------+--------+--------+--------+--------+-----+--------+

Top non-repeatable levels by time:
     D:1: 335 daAuts
